 Dungeon Crawl Stone Soup version 0.29.1-13-g9f3cf754e1 (webtiles) character file.

Game seed: 10679242671154964831

16 protoss039 the Digger (level 2, 17/21 HPs)
             Began as a Demonspawn Earth Elementalist on Feb 9, 2023.
             Got out of the dungeon alive.
             The game lasted 00:01:46 (577 turns).

protoss039 the Digger (DsEE)                         Turns: 577, Time: 00:01:46

Health: 17/21      AC:  9    Str:  8    XL:     2   Next: 41%
Magic:  5/5        EV: 10    Int: 16    God:
Gold:   11         SH:  0    Dex: 13    Spells: 4/5 levels left

rFire   . . .      SeeInvis .   c - +0 dagger
rCold   . . .      Faith    .   (no shield)
rNeg    . . .      Spirit   .   e - +4 ring mail
rPois   .          Reflect  .   (helmet restricted)
rElec   .          Harm     .   (no cloak)
rCorr   .          Rampage  .   (no gloves)
Will    .....                   (no boots)
Stlth   +.........              (no amulet)
HPRegen 0.07/turn               (no ring)
MPRegen 0.09/turn               (no ring)

@: no status effects
A: antennae 1
a: no special abilities


You escaped.
You visited 1 branch of the dungeon, and saw 1 of its levels.

You collected 11 gold pieces.

Inventory:

Hand Weapons
 c - a +0 dagger (weapon)
Armour
 a - a +0 robe
 e - a +4 ring mail (worn)
Scrolls
 f - a scroll of blinking {unknown}
Potions
 b - a potion of magic
 d - a potion of degeneration {unknown}


   Skills:
 + Level 1.0 Fighting
 - Level 1.7 Dodging
 - Level 1.7 Stealth
 + Level 2.3 Spellcasting
 - Level 0.8 Transmutations
 + Level 3.0 Earth Magic


You had 4 spell levels left.
You knew the following spells:

 Your Spells              Type           Power      Damage    Failure   Level
a - Sandblast             Erth           22%        2d7       19%         1

Your spell library contained the following spells:

 Spells                   Type           Power      Damage    Failure   Level
 Passwall                 Tmut/Erth      6%         N/A       38%         2
 Freeze                   Ice            4%         1d3       54%         1
 Stone Arrow              Conj/Erth      12%        3d7       69%         3
 Dazzling Flash           Conj/Hex       2%         N/A       88%         3
 Frozen Ramparts          Ice            2%         1d1       88%         3
 Petrify                  Tmut/Erth      8%         N/A       95%         4
 Hailstorm                Conj/Ice       1%         3d3       99%         4
 Agony                    Necr           1%         N/A       100%        5
 Silence                  Hex/Air        0%         N/A       100%        5


Dungeon Overview and Level Annotations

Branches:
Dungeon (1/15) Zot: 5419

Altars:


Innate Abilities, Weirdness & Mutations

You have a pair of small antennae on your head.


Message History

Press: ? - help, Shift-Dir - straight line, f/p - ball python
Aim: a ball python (constricting you, 80% to hit)
The blast of sand hits the ball python.
The ball python is severely wounded.
The ball python bites you but does no damage.
The ball python constricts you.
The ball python bites you but does no damage.
The ball python constricts you.
You are too injured to fight recklessly!
Unknown command.
Casting: Sandblast (safe; 19% risk of failure)
Confirm with . or Enter, or press ? or * to list all spells.
You don't have enough magic to cast this spell.
Unknown command.
Unknown command.
You completely miss the ball python.
The ball python is severely wounded.
The ball python bites you but does no damage.
The ball python constricts you.
You hit the ball python.
You kill the ball python!
Found a book of Frost.
Found a faded altar of an unknown god.
You see here a ball python corpse.
Your magical contamination has completely faded away.
You see here a ball python corpse.
You pick up a book of Frost and begin reading...
You add the spells Freeze, Frozen Ramparts and Hailstorm to your library.
You see here a giant cockroach corpse.
Things that are here:
a +0 dagger; a kobold corpse You see here a rat corpse.
You see here 3 stones.
You see here a bat corpse.
You see here a book of the Senses.
There is a stone staircase leading down here.
Items here: ( ) ÷÷÷.
There is a staircase leading out of the dungeon here.
Okay, then.
Are you sure you want to leave the Dungeon?
This will make you lose the game!
You have escaped!

#####♣.......♣
#....♣...[...♣
#.##....♣.♣..♣
#.##.....⌠...♣
#.##....♣.♣..♣
#.###♣......♣♣
.#
#.###♣......#♣
(#
#...#♣♣......♣
.# ###.#
♣♣..♣.@♣ .## #.#
♣♣♣#♣♣# .. #.#
#.# .# #.#
####.####.# #.#
#.........#
#.####.#...#####
#.##.....#...#
#.##.#.#...#.#
..#
#.##.#....##.#
#.#


There were no monsters in sight!

Vanquished Creatures
  A bat (D:1)
  A giant cockroach (D:1)
  A goblin (D:1)
  A hobgoblin (D:1)
  2 kobolds (D:1)
  5 ball pythons (D:1)
  A frilled lizard (D:1)
  3 rats (D:1)
15 creatures vanquished.

Notes
Turn   | Place    | Note
-------+----------+-------------------------------------------
     0 | D:1      | protoss039 the Demonspawn Earth Elementalist began the
                  | quest for the Orb.
     0 | D:1      | Reached XP level 1. HP: 13/13 MP: 3/3
   360 | D:1      | Gained mutation: You have a pair of small antennae on your
                  | head. [demonic ancestry]
   360 | D:1      | Reached XP level 2. HP: 20/20 MP: 1/5
   459 | D:1      | Reached skill level 1 in Fighting
   459 | D:1      | Reached skill level 3 in Earth Magic
   464 | D:1      | Found a faded altar of an unknown god.
   577 | D:$      | Got out of the dungeon alive.

Illustrated notes

Levels and vault maps discovered:
D:1:      amcnicky_arrival_underground_garden, layout_loops_ring,
          nicolae_ecumenical_snake_handling

Skill      XL: |  1  2 |
---------------+-------+-----
Fighting       | 1 |  1.0
Earth Magic    | 3 |  3.0
Dodging        | |  1.7
Stealth        | |  1.7
Spellcasting   | |  2.3
Transmutations | |  0.8

Action                   || total
-------------------------++-------
Melee: Dagger            ||    75
       Punch             ||     1
 Cast: Sandblast         ||     9
Armor: Ring mail         ||    65
       Robe              ||     3
Dodge: Dodged            ||    76
